 Dungeon Crawl Stone Soup version 0.27.1-2-g3b301248ec (webtiles) character file.

Game seed: 5417091833117203842

116277 Kinoniko the Bludgeoner (level 16, 0/129 HPs)
             Began as a Demonspawn Berserker on Sept 28, 2021.
             Was the Champion of Trog.
             Slain by Arachne (7 damage)
             ... on level 3 of the Spider Nest.
             The game lasted 00:31:23 (26016 turns).

Kinoniko the Bludgeoner (Demonspawn Berserker)     Turns: 26016, Time: 00:31:24

Health: 0/129      AC: 26    Str: 27    XL:     16   Next: 20%
Magic:  0/16       EV: 10    Int:  8    God:    Trog [******]
Gold:   1393       SH:  0    Dex: 14    Spells: 15/15 levels left

rFire    . . .     SeeInvis .   c - +8 whip "Snakebite" {venom, curare, rPois}
rCold    + . .     Faith    .   a - +0 kite shield
rNeg     . . .     Spirit   +   C - +1 chain mail {rC+}
rPois    +         Reflect  +   (helmet unavailable)
rElec    .         Harm     .   r - +1 cloak of the Tired Knives {Will+ Str+3}
rCorr    +         Rampage  .   y - +2 pair of gloves
Will     ++...                  E - +2 pair of boots
Stlth    ..........             o - amulet of reflection
HPRegen  0.31/turn              e - +4 ring of evasion
MPRegen  0.30/turn              n - ring of poison resistance

@: mighty, lethally poisoned (0 -> -4), on berserk cooldown, held, slowed, very
slow
A: horns 3, yellow scales 3, powered by death 2, augmentation 1, magic shield,
magic regeneration
a: Renounce Religion, Berserk, Trog's Hand, Brothers in Arms


You were on level 3 of the Spider Nest.
You worshipped Trog.
Trog was exalted by your worship.
You visited 4 branches of the dungeon, and saw 23 of its levels.
You visited 1 bazaar.
You also visited: Gauntlet.

You collected 2825 gold pieces.
You spent 1432 gold pieces at shops.

Inventory:

Hand Weapons
 c - the +8 whip "Snakebite" (weapon) {venom, curare, rPois}
   (You found it on level 1 of the Lair of Beasts)

   It poisons the flesh of those it strikes.
   It occasionally inflicts asphyxiating poison on those it strikes, dealing
   poison damage and causing slowness.
   rPois:     It protects you from poison.
 t - the +11 plutonium sword {Contam Stlth-}
   (You bought it in a shop in a bazaar)

   It occasionally inflicts wild transmutation effects on those it strikes,
   inflicting malmutation or extra damage, or polymorphing them into a new form.
   Contam:    It causes magical contamination when unequipped.
   Stlth:     It makes you less stealthy.
 L - a +9 vorpal great mace
Missiles
 H - 7 silver javelins (quivered)
Armour
 a - a +0 kite shield (worn)
 r - the +1 cloak of the Tired Knives (worn) {Will+ Str+3}
   (You bought it in a shop on level 7 of the Dungeon)

   Str:       It affects your strength (+3).
   Will:      It increases your willpower.
 w - the +2 hat of the Bear Spirit {Spirit, +Rage rN+ Will++}
   (You found it on level 1 of the Lair of Beasts)

   rN:        It protects you from negative energy.
   +Rage:     It lets you go berserk.
   Will:      It greatly increases your willpower.
 y - a +2 pair of gloves (worn)
 C - a +1 chain mail of cold resistance (worn)
 E - a +2 pair of boots (worn)
Jewellery
 b - a +6 ring of intelligence
 e - a +4 ring of evasion (left hand)
 k - a ring of flight
 n - a ring of poison resistance (right hand)
 o - an amulet of reflection (around neck)
 A - the ring "Sistiall" {Int+3 Dex+6 SInv}
   (You found it in a Gauntlet)

   [ring of dexterity]

   Int:       It affects your intelligence (+3).
   Dex:       It affects your dexterity (+6).
   SInv:      It lets you see invisible.
 I - a ring of protection from fire
 J - a ring of protection from cold
 S - a ring of ice
Wands
 m - a wand of flame (52)
 p - a wand of mindburst (13)
 s - a wand of paralysis (47)
 K - a wand of iceblast (19)
 M - a wand of digging (12)
 N - a wand of acid (18)
 O - a wand of charming (10)
 T - a wand of polymorph (18)
Scrolls
 B - 10 scrolls of teleportation
 D - 2 scrolls of identify
 G - a scroll of fear
 P - 3 scrolls of magic mapping
 U - 3 scrolls of enchant armour
 V - a scroll of silence
 W - 2 scrolls of brand weapon
 X - a scroll of blinking
 Z - a scroll of fog
Potions
 f - 14 potions of curing
 h - 3 potions of ambrosia
 i - 3 potions of flight
 j - 2 potions of invisibility
 l - 2 potions of magic
 q - a potion of might
 u - a potion of haste
 v - 4 potions of heal wounds
 z - 2 potions of cancellation
 Q - 2 potions of resistance
 R - 2 potions of berserk rage
 Y - a potion of attraction


   Skills:
 + Level 12.4 Fighting
 - Level 17.7 Maces & Flails
 + Level 11.7 Armour
 + Level 11.7 Dodging
 * Level 3.0 Shields


You had 15 spell levels left.
You didn't know any spells.
Your spell library contained the following spells:

 Spells                   Type           Power      Damage    Failure   Level
 Fireball                 Conj/Fire      0%         3d3       100%        5
 Starburst                Conj/Fire      0%         6d3       100%        6
 Ignition                 Fire           0%         3d3       100%        8


Dungeon Overview and Level Annotations

Branches:
Dungeon (12/15)            Temple (0/1) D:6            Lair (6/6) D:8
 Shoals (0/4) Lair:3       Spider (3/4) Lair:4        Slime (0/5) Lair:6
    Orc (2/2) D:12            Elf (0/3) Orc:2       Gauntlet (visited)

Altars:
Ashenzari
Cheibriados
Gozag
Hepliaklqana
Makhleb
Nemelex Xobeh
Ru
Trog
Uskayaw
Vehumet
Xom
Yredelemnul
Zin
The Shining One

Shops:
D:7 *   Orc:2 *[((*

Portals:
Trove: D:11 (give +4 fire dragon scales)

Annotations:
D:7 1 runed translucent door
D:11 exclusion: obsidian statue
D:12 exclusion: ice statue
Lair:1 6 runed translucent doors
Spider:3 Arachne


Innate Abilities, Weirdness & Mutations

You have a pair of large horns on your head.
You are completely covered in yellow scales. (AC +4, rCorr)
You regenerate health from kills.
Your magical and physical power is slightly enhanced at high health.
When hurt, damage is shared between your health and your magic reserves.
You regenerate magic rapidly.


Message History

You feel sick.
Arachne stares at you and mumbles some strange words.
The poison arrow hits you.
You are more poisoned.
You partially resist.
Arachne's staff shoots out a stream of webbing.
The stream of webbing hits you but does no damage.
You are caught in a web!
You hear an angry hiss.
Unknown command.
Unknown command.
The web tears apart.
You feel very sick. Arachne misses you. You block Arachne's attack.
You whack Arachne!
Arachne is almost dead.
You feel very sick.
You hear an angry hiss.
Arachne points her staff at you, shooting a stream of webbing.
The stream of webbing misses you.
Arachne hits you with a staff of poison!
* * * LOW HITPOINT WARNING * * *
Arachne envenoms you.
* * * LOW HITPOINT WARNING * * *
You hear an angry hiss.
You whack Arachne!
Arachne looks even sicker.
Your headbutt misses Arachne.
Arachne is almost dead.
You feel sick. You block Arachne's attack.
An entropy weaver comes into view.
Unknown command.
You barely miss Arachne. You headbutt Arachne.
Arachne is almost dead.
You feel sick.
Arachne points her staff at you, shooting a stream of webbing.
The stream of webbing hits you but does no damage.
You are caught in a web!
Arachne hits you with a staff of poison!!
* * * LOW HITPOINT WARNING * * *
Arachne envenoms you!
You die...

## . .# ###.# .
.^.# #.B## . .^#.#
####...# .
#....##.#..@.# .##
....^#.....H.#
.(####........#...#
..†..^.#.#.....#..#
#<...#.###^..######
#††.#.#.##.#..#
#......#####.^#
#..#....<.<.###
#..#^^.....##


You could see Arachne (very poisoned) and an entropy weaver.

Vanquished Creatures
  Asterion (Spider:2)
  Gastronok (Lair:3)
  2 orc warlords
  An emperor scorpion (Spider:1)
  A stone giant (Orc:2)
  A minotaur (Gauntlet)
  Azrael (D:12)
  An entropy weaver (Spider:1)
  2 ogre magi (Orc:2)
  4 catoblepae
  3 boulder beetles
  An anaconda (Lair:6)
  6 hydras
  A death knight (D:11)
  A centaur warrior (D:9)
  12 two-headed ogres
  11 death yaks
  3 skeletal warriors (D:11)
  2 deep trolls (Orc:2)
  Pikel (D:6)
  An orc knight (Orc:1)
  The ghost of AZSletch the Changer, a novice DrTm of Uskayaw (D:7)
  2 deep elf zephyrmancers (Orc:2)
  7 orb spiders
  9 wolf spiders
  9 deep elf pyromancers
  An orc sorcerer (Orc:1)
  A manticore (D:12)
  3 cyclopes
  2 moths of wrath
  6 elephants (Lair:6)
  9 black mambas
  A guardian serpent (Lair:6)
  17 cane toads
  2 gargoyles (Gauntlet)
  3 torpor snails
  5 kobold demonologists
  2 demonic crawlers
  An unseen horror (D:7)
  An efreet (D:9)
  6 komodo dragons
  4 rime drakes
  3 meliai (Spider:1)
  10 trolls
  A polar bear (Lair:6)
  A queen bee (Spider:1)
  Grinder (D:6)
  3 hornets
  14 jumping spiders
  8 slime creatures (D:12)
  15 dream sheep
  19 blink frogs
  Sigmund (D:2)
  13 tarantellas
  A tarantella (shapeshifter) (D:9)
  32 redbacks
  37 yaks
  11 wyverns
  A steam dragon (D:7)
  3 fire bats (Lair:2)
  5 basilisks
  Menkaure (D:4)
  3 wargs
  4 acid dragons
  21 water moccasins
  4 hell hounds (D:12)
  5 sky beasts
  2 ice beasts
  26 orc warriors
  4 black bears
  18 ogres
  18 wolves
  3 boggarts (D:11)
  3 centaurs
  2 phantoms
  7 kobold brigands
  3 scorpions (D:8)
  2 wyvern zombies (D:7)
  15 bullfrogs
  2 gnoll sergeants
  A water moccasin skeleton (D:4)
  22 killer bees
  A wight (D:9)
  2 howler monkeys
  An electric eel (Spider:1)
  6 centaur zombies
  2 hounds (D:5)
  A bullfrog skeleton (D:5)
  A bullfrog zombie (D:6)
  10 orc priests
  15 jellies
  Jessica (D:3)
  Ijyb (D:3)
  2 iguanas
  11 orc wizards
  9 hell rats
  11 gnolls
  A howler monkey skeleton (D:5)
  8 adders
  3 white imps
  3 worms
  3 dart slugs
  63 orcs
  4 endoplasms
  2 giant cockroaches
  7 goblins
  4 hobgoblins
  2 jackals (D:2)
  A quokka (D:4)
  3 ball pythons
  6 bats
  2 frilled lizards (D:2)
  A jackal skeleton (D:4)
  23 kobolds
  3 rats
707 creatures vanquished.

Vanquished Creatures (collateral kills)
  A wight (D:9)
1 creature vanquished.

Vanquished Creatures (others)
  A wizard (D:3)
  A wyvern (Lair:6)
  A killer bee (Spider:1)
  A howler monkey zombie (D:9)
  An ufetubus (D:12)
  74 fungi
  95 plants
174 creatures vanquished.

Grand Total: 882 creatures vanquished

Notes
Turn   | Place    | Note
-------+----------+-------------------------------------------
     0 | D:1      | Kinoniko the Demonspawn Berserker began the quest for the
                  | Orb.
     0 | D:1      | Reached XP level 1. HP: 18/18 MP: 1/1
   549 | D:1      | Reached skill level 3 in Maces & Flails
   761 | D:1      | Gained mutation: You have a pair of small horns on your
                  | head. [demonic ancestry]
   761 | D:1      | Reached XP level 2. HP: 24/24 MP: 2/2
  1324 | D:1      | Gained mutation: You regenerate magic rapidly. [demonic
                  | ancestry]
  1324 | D:1      | Reached XP level 3. HP: 29/29 MP: 3/3
  1723 | D:2      | Found a faded altar of an unknown god.
  1797 | D:2      | Reached skill level 4 in Maces & Flails
  2184 | D:2      | Noticed Sigmund
  2196 | D:2      | Killed Sigmund
  2197 | D:2      | Reached skill level 5 in Maces & Flails
  2197 | D:2      | Reached XP level 4. HP: 35/35 MP: 4/4
  2197 | D:2      | Gained mutation: When hurt, damage is shared between your
                  | health and your magic reserves. [demonic ancestry]
  2197 | D:2      | Reached XP level 5. HP: 41/41 MP: 5/5
  2677 | D:3      | Reached skill level 6 in Maces & Flails
  2677 | D:3      | Reached ** piety under Trog
  2691 | D:3      | Gained mutation: You are partially covered in yellow
                  | scales. (AC +2) [demonic ancestry]
  2691 | D:3      | Reached XP level 6. HP: 33/47 MP: 4/6
  2808 | D:3      | Found a radiant altar of Vehumet.
  2870 | D:3      | Found a sparkling altar of Nemelex Xobeh.
  3107 | D:3      | Found a shimmering altar of Xom.
  3140 | D:3      | Found a bloodstained altar of Trog.
  3241 | D:3      | Noticed Ijyb
  3256 | D:3      | Killed Ijyb
  3355 | D:3      | Found a broken altar of Ashenzari.
  3432 | D:3      | Noticed Jessica
  3440 | D:3      | Killed Jessica
  3748 | D:3      | Noticed a wizard
  3754 | D:3      | Killed a wizard
  3910 | D:4      | Found an opulent altar of Gozag.
  3983 | D:4      | Noticed Menkaure
  3990 | D:4      | Killed Menkaure
  3991 | D:4      | Reached skill level 7 in Maces & Flails
  4052 | D:4      | Found a hazy altar of Hepliaklqana.
  4203 | D:4      | Gained mutation: You regenerate a little health from kills.
                  | [demonic ancestry]
  4203 | D:4      | Reached XP level 7. HP: 51/52 MP: 7/7
  4580 | D:5      | Entered Level 5 of the Dungeon
  4590 | D:5      | Reached skill level 8 in Maces & Flails
  4858 | D:5      | Reached skill level 9 in Maces & Flails
  4858 | D:5      | Gained mutation: You have a pair of horns on your head.
                  | [demonic ancestry]
  4858 | D:5      | Reached XP level 8. HP: 52/58 MP: 5/8
  4979 | D:5      | Found a sacrificial altar of Ru.
  5222 | D:5      | Identified a scroll of acquirement
  5222 | D:5      | Acquired 390 gold pieces
  5268 | D:6      | Noticed Grinder
  5305 | D:6      | Paralysed by Grinder for 2 turns
  5316 | D:6      | Killed Grinder
  5326 | D:5      | Reached skill level 10 in Maces & Flails
  5484 | D:6      | Reached *** piety under Trog
  5634 | D:6      | Noticed Pikel
  5651 | D:6      | Killed Pikel
  5652 | D:6      | Reached skill level 11 in Maces & Flails
  5652 | D:6      | Gained mutation: You regenerate health from kills. [demonic
                  | ancestry]
  5652 | D:6      | Reached XP level 9. HP: 63/63 MP: 7/9
  6171 | D:6      | Found a staircase to the Ecumenical Temple.
  6276 | D:6      | Found a burning altar of Makhleb.
  6293 | D:6      | Noticed an Executioner
  6296 | D:6      | Noticed an orange demon
  6472 | D:7      | Found Inehoph's Assorted Antiques.
  6504 | D:7      | Reached skill level 12 in Maces & Flails
  6535 | D:7      | Bought a faintly humming cloak for 332 gold pieces
  6535 | D:7      | Identified the +1 cloak of the Tired Knives {Will+ Str+3}
                  | (You bought it in a shop on level 7 of the Dungeon)
  6780 | D:7      | Noticed AZSletch's ghost (novice DrTm)
  6781 | D:7      | Found a runed translucent door.
  6862 | D:7      | Killed an unseen horror
  7089 | D:7      | Noticed a sixfirhy
  7090 | D:7      | Found a runed translucent door.
  7103 | D:7      | Found a basalt altar of Yredelemnul.
  7247 | D:7      | Reached skill level 13 in Maces & Flails
  7275 | D:7      | Found a snail-covered altar of Cheibriados.
  7674 | D:7      | Killed AZSletch's ghost
  7675 | D:7      | Gained mutation: You have a pair of large horns on your
                  | head. [demonic ancestry]
  7675 | D:7      | Reached XP level 10. HP: 70/70 MP: 8/10
  7952 | D:8      | Reached **** piety under Trog
  8239 | D:8      | Found a staircase to the Lair.
  8248 | D:8      | Noticed a rust devil
  8252 | D:8      | Noticed a smoke demon
  8260 | D:8      | Noticed a rust devil
  8294 | D:8      | Reached skill level 14 in Maces & Flails
  8968 | D:9      | Reached ***** piety under Trog
  8994 | D:9      | Noticed a cyclops
  9003 | D:9      | Killed a cyclops
  9022 | D:9      | Noticed a deep elf pyromancer
  9033 | D:9      | Killed a deep elf pyromancer
  9089 | D:9      | Noticed a centaur warrior
  9279 | D:9      | Killed a centaur warrior
  9280 | D:9      | Reached skill level 15 in Maces & Flails
  9280 | D:9      | Gained mutation: You are mostly covered in yellow scales.
                  | (AC +3) [demonic ancestry]
  9280 | D:9      | Reached XP level 11. HP: 52/75 MP: 8/11
  9593 | D:9      | Noticed a boulder beetle
  9602 | D:9      | Killed a boulder beetle
  9757 | D:9      | Identified the +5 halberd of the Warrior-Mage {venom,
                  | Stlth+}
  9788 | D:9      | Noticed a two-headed ogre
  9792 | D:9      | Killed a two-headed ogre
  9984 | D:9      | Noticed a deep elf pyromancer
 10016 | D:9      | Killed a deep elf pyromancer
 10428 | D:9      | Received a gift from Trog
 10507 | D:9      | Noticed a two-headed ogre
 10510 | D:9      | Killed a two-headed ogre
 10511 | D:9      | Reached skill level 5 in Fighting
 10836 | Lair:1   | Entered Level 1 of the Lair of Beasts
 11088 | Lair:1   | Reached skill level 16 in Maces & Flails
 11166 | Lair:1   | Noticed a catoblepas
 11176 | Lair:1   | Killed a catoblepas
 11508 | Lair:1   | Found a runed translucent door.
 11514 | Lair:1   | Found the +8 whip "Snakebite" {venom, curare, rPois}
 11856 | Lair:1   | Found the +2 hat of the Bear Spirit {Spirit, +Rage rN+
                  | Will++}
 11894 | Lair:1   | Found a runed translucent gate.
 11894 | Lair:1   | Found a runed translucent gate.
 11894 | Lair:1   | Noticed a boulder beetle
 11905 | Lair:1   | Found a runed translucent gate.
 11905 | Lair:1   | Found a runed translucent gate.
 11905 | Lair:1   | Found a runed translucent gate.
 11905 | Lair:1   | Noticed a boulder beetle
 11905 | Lair:1   | Noticed a boulder beetle
 11905 | Lair:1   | Noticed a lindwurm
 11906 | Lair:1   | Found a runed translucent gate.
 11906 | Lair:1   | Noticed a lindwurm
 11996 | Lair:2   | Reached XP level 12. HP: 89/89 MP: 12/12
 12168 | Lair:2   | Noticed a death yak
 12169 | Lair:2   | Noticed a four-headed hydra
 12177 | Lair:2   | Killed a death yak
 12180 | Lair:2   | Killed a four-headed hydra
 12215 | Lair:2   | Found a gate leading to a gauntlet.
 12224 | Gauntlet | Entered a Gauntlet
 12224 | Gauntlet | Noticed a catoblepas
 12224 | Gauntlet | Found a transporter.
 12224 | Gauntlet | Found a runed translucent door.
 12224 | Gauntlet | Found a transporter.
 12224 | Gauntlet | Found a transporter.
 12224 | Gauntlet | Found a runed translucent door.
 12250 | Gauntlet | Found a transporter.
 12262 | Gauntlet | Found a transporter.
 12273 | Gauntlet | Found a transporter.
 12276 | Gauntlet | Noticed a seven-headed hydra
 12292 | Gauntlet | Found a transporter.
 12309 | Gauntlet | Found a transporter.
 12310 | Gauntlet | Found a transporter.
 12318 | Gauntlet | Found a transporter.
 12321 | Gauntlet | Found a transporter.
 12356 | Gauntlet | Found a transporter.
 12426 | Gauntlet | Killed a catoblepas
 12699 | Gauntlet | Reached skill level 17 in Maces & Flails
 12850 | Gauntlet | Killed a seven-headed hydra
 12896 | Gauntlet | Identified the ring "Sistiall" {Int+3 Dex+6 SInv}
 12908 | Gauntlet | Noticed a minotaur
 12921 | Gauntlet | Killed a minotaur
 13345 | Lair:2   | Noticed a death yak
 13347 | Lair:2   | Noticed a death yak
 13347 | Lair:2   | Noticed a death yak
 13347 | Lair:2   | Noticed a death yak
 13348 | Lair:2   | Noticed a death yak
 13349 | Lair:2   | Noticed a death yak
 13353 | Lair:2   | Killed a death yak
 13363 | Lair:2   | Killed a death yak
 13368 | Lair:2   | Killed a death yak
 13380 | Lair:2   | Killed a death yak
 13386 | Lair:2   | Killed a death yak
 13392 | Lair:2   | Killed a death yak
 13482 | Lair:2   | Reached XP level 13. HP: 92/100 MP: 11/13
 14398 | Lair:3   | Found a staircase to the Shoals.
 14669 | Lair:3   | Noticed Gastronok
 14685 | Lair:3   | Killed Gastronok
 14750 | Lair:3   | Received a gift from Trog
 15325 | Lair:4   | Reached skill level 5 in Armour
 15325 | Lair:4   | Reached skill level 5 in Dodging
 15866 | Lair:4   | Found a hole to the Spider Nest.
 16503 | Lair:5   | Reached skill level 10 in Fighting
 17350 | Lair:6   | Entered Level 6 of the Lair of Beasts
 17502 | Lair:6   | Gained mutation: Your magical and physical power is
                  | slightly enhanced at high health. [demonic ancestry]
 17502 | Lair:6   | Reached XP level 14. HP: 110/110 MP: 12/14
 17571 | Lair:6   | Received a gift from Trog
 17778 | Lair:6   | Found a staircase to the Slime Pits.
 18070 | Lair:6   | Identified the +5 falchion of Extinguishment {venom, +Blink
                  | rPois SInv}
 19278 | D:10     | Entered Level 10 of the Dungeon
 19356 | D:10     | Received a gift from Trog
 19506 | D:10     | Found a hide-covered altar of Uskayaw.
 19775 | D:11     | Reached ****** piety under Trog
 19809 | D:11     | Found a portal to a secret trove of treasure.
 20469 | D:12     | Noticed Azrael
 20480 | D:12     | Killed Azrael
 20648 | D:12     | Found a staircase to the Orcish Mines.
 20815 | D:12     | Gained mutation: You are completely covered in yellow
                  | scales. (AC +4, rCorr) [demonic ancestry]
 20815 | D:12     | Reached XP level 15. HP: 112/119 MP: 13/15
 21530 | D:12     | Found a gateway to a bazaar.
 21797 | Bazaar   | Entered a bazaar
 21797 | Bazaar   | Found Tarph's Distillery.
 21797 | Bazaar   | Found Laruppy's Antique Weapon Boutique.
 21797 | Bazaar   | Found Doumunt's General Store.
 21797 | Bazaar   | Found Dazed's Assorted Antiques.
 21842 | Bazaar   | Found Kyceufuidae's Weapon Shop.
 21907 | Bazaar   | Bought the +11 plutonium sword {Contam Stlth-} for 1100
                  | gold pieces
 21907 | Bazaar   | Found the +11 plutonium sword {Contam Stlth-}
 22083 | Orc:1    | Entered Level 1 of the Orcish Mines
 22120 | Orc:1    | Received a gift from Trog
 22171 | Orc:1    | Noticed an orc warlord
 22195 | Orc:1    | Killed an orc warlord
 22390 | Orc:2    | Entered Level 2 of the Orcish Mines
 22443 | Orc:2    | Noticed an orc warlord
 22467 | Orc:2    | Killed an orc warlord
 22468 | Orc:2    | Reached skill level 10 in Armour
 22468 | Orc:2    | Reached skill level 10 in Dodging
 22568 | Orc:2    | Found a staircase to the Elven Halls.
 22585 | Orc:2    | Found Ciub's Antique Weapon Shoppe.
 22629 | Orc:2    | Found Ecicw's General Store.
 22714 | Orc:2    | Found Qeodd's Antique Weapon Shop.
 22723 | Orc:2    | Found Daochingo's Antique Armour Emporium.
 22825 | Orc:2    | Found Jolezem's Assorted Antiques.
 22888 | Orc:2    | Received a gift from Trog
 23767 | Spider:1 | Entered Level 1 of the Spider Nest
 24876 | Spider:2 | Reached XP level 16. HP: 127/127 MP: 16/16
 24972 | Spider:2 | Noticed Asterion
 24988 | Spider:2 | Killed Asterion
 24989 | Spider:2 | Reached skill level 1 in Shields
 25932 | Spider:3 | Received a gift from Trog
 25990 | Spider:3 | Noticed Arachne
 26016 | Spider:3 | Slain by Arachne

Illustrated notes

Levels and vault maps discovered:
D:1:      psy_arrival_fountain, layout_loops_corners, minivault_11,
          chequers_mini_garden, serial_bayou_crossing
D:2:      layout_loops_corners, shapermc_ecumenical_altar_gd, uniq_sigmund
D:3:      layout_loops_corners, xom_teletrap_fun, overflow_temple_1_default,
          trog_wizard, mainiacjoe_overflow_catch_the_wave, uniq_jessica,
          uniq_ijyb
D:4:      layout_basic, nicolae_gozag_cash_rules_everything_around_me,
          nicolae_hepliaklqana_hazy_memory, uniq_menkaure
D:5:      layout_rooms, nicolae_ru_the_path_less_chosen
D:6:      layout_basic, makhleb_altar_promises_db, minmay_temple_entry_wispy,
          serial_curves, eino_curves_01, eino_curves_03, eino_curves_03,
          eino_curves_03, centaur_isle, uniq_grinder, uniq_pikel
D:7:      cheibrodos_shockbox, layout_cave_pods, mainiacjoe_overflow_swirl,
          yredelemnul_altar_generic, serial_shops, nicolae_stop_n_shop_1,
          hellmonk_ghost_happy_afterlife
D:8:      layout_cave_pools, due_lair_maze_entry_diamond, dk_rats_in_the_wall
D:9:      minmay_bubble_buster, layout_basic, minmay_pinched_square
D:10:     layout_cave_pools, lemuel_doored_altar,
          mainiacjoe_overflow_tiny_flanked, special_room [special_room_orc]
D:11:     layout_cave_pools, nicolae_trove_entry_free_sample, minivault_15
D:12:     cheibrodos_frozen_isle, layout_layer_cave, orc_david_3, serial_shops,
          freezing_bzr, uniq_azrael
Lair:1:   gammafunk_indiana_jones, layout_long_grid,
          grunt_forest_small_clearings
Lair:2:   layout_cave_pods, nicolae_volcano_entry_batcave,
          gauntlet_entry_generic, lemuel_fruit_tree
Lair:3:   layout_loops_ring, elwin_shoals_entry_rocks, uniq_gastronok
Lair:4:   layout_loops_ring, spider_nest_entry_a
Lair:5:   layout_cave_pods, infiniplex_staircase_pool_2
Lair:6:   hangedman_lair_tendril_chambers, layout_layer_cave,
          minmay_slime_entry_jelly_boxes, lemuel_old_faithful
Spider:1: layout_spider_delve, nicolae_looking_at_the_future
Spider:2: layout_chambers, hangedman_spider_tarantella_strand, uniq_asterion
Spider:3: layout_spider_delve, ebering_ghost_disaster_area, uniq_arachne,
          uniq_agnes
Orc:1:    layout_caves
Orc:2:    st_orc_open, layout_caves, serial_shops, shop, elves_outpost_lemuel

Skill      XL: |  1  2  3  4  5  6  7  8  9 10 11 12 13 14 15 16 |
---------------+-------------------------------------------------+-----
Maces & Flails | 3 5 6 7 9 11 13 15 16 17 | 17.7
Fighting       | 6 8 10 11 12 | 12.4
Armour         | 6 9 11 | 11.7
Dodging        | 6 9 11 | 11.7
Shields        | 3 |  3.0

Action                   |  1- 3 |  4- 6 |  7- 9 | 10-12 | 13-15 | 16-18 || total
-------------------------+-------+-------+-------+-------+-------+-------++-------
Melee: Whip              |   126 |   136 |   365 |   438 |  1284 |   122 ||  2471
       Mace              |     8 |       |       |       |       |       ||     8
       Headbutt          |    12 |    29 |    77 |   176 |   418 |    36 ||   748
       Morningstar       |       |       |       |   154 |       |       ||   154
       Great mace        |       |       |       |     6 |    15 |       ||    21
Invok: Berserk           |     5 |     2 |     8 |    15 |    15 |     3 ||    48
       Brothers in Arms  |       |       |       |     2 |       |       ||     2
       Trog's Hand       |       |       |       |     1 |       |       ||     1
  Use: Scroll            |       |     7 |     3 |    14 |    13 |       ||    37
       Potion            |       |       |       |     4 |     3 |     2 ||     9
Armor: Animal skin       |     7 |       |       |       |       |       ||     7
       Ring mail         |     8 |       |     1 |    17 |       |       ||    26
       Scale mail        |    10 |    29 |    75 |       |       |       ||   114
       Steam dragon scal |       |       |    12 |       |       |       ||    12
       Chain mail        |       |       |       |   187 |   337 |    46 ||   570
Dodge: Dodged            |    90 |    51 |   147 |   266 |   674 |    59 ||  1287
Block: Other             |       |    19 |    42 |    99 |   195 |       ||   355
       Reflection        |       |       |     4 |     1 |     3 |     3 ||    11
       Kite shield       |       |       |       |       |       |    85 ||    85
